TOP OF THE 1ST |
---|
Memphis Blues batting - Pitching for BlackIron Dragons : RHP Eddie Huber | Pitching: RHP Eddie Huber | | Batting: RHB Brandon Townsley | 0-0: Called Strike 0-1: Ball 1-1: Called Strike 1-2: Ball 2-2: Strikes out swinging | Batting: RHB Jesús Sánchez | 0-0: Foul Ball, location: 2F 0-1: Ball 1-1: Fly out, F8 (Line Drive, 8LXD) | Batting: LHB John Foster | 0-0: Ball 1-0: Ball 2-0: Swinging Strike 2-1: Ball 3-1: Base on Balls | Batting: LHB Weston Chaney | 0-0: Foul Ball, location: 2F 0-1: Ball 1-1: Ground out 6-3 (Groundball, 6D) | Top of the 1st over - 0 runs, 0 hits, 0 errors, 1 left on base; Memphis 0 - BlackIron 0 | BOTTOM OF THE 1ST |
---|
BlackIron Dragons batting - Pitching for Memphis Blues : LHP António Dávila | Pitching: LHP António Dávila | | Batting: SHB David Boyle | 0-0: Foul Ball, location: 2F 0-1: Ball 1-1: Foul Ball, location: 2F 1-2: Foul Ball, location: 2F 1-2: Fly out, F8 (Flyball, 8LS) | Batting: RHB Joaquín Valenzuela | 0-0: Called Strike 0-1: Ball 1-1: SINGLE (Groundball, 56D) | Batting: RHB Brady McIntyre | 0-0: Swinging Strike 0-1: Ball 1-1: Ball 2-1: Ball 3-1: SINGLE (Flyball, 9S) Joaquín Valenzuela to second Runner from 2nd tries for 3rd, SAFE, no throw | Batting: LHB Al Bartlett | 0-0: Called Strike 0-1: Called Strike 0-2: Ball 1-2: Fly out, F7 (Flyball, 7D) Runner from 3rd tags up, SCORES, no throw | Batting: RHB Roderick Silva | 0-0: Ball 1-0: Ball 2-0: Ball 3-0: Called Strike 3-1: Swinging Strike 3-2: Ground out 6-3 (Groundball, 6) | Bottom of the 1st over - 1 run, 2 hits, 0 errors, 1 left on base; Memphis 0 - BlackIron 1 | TOP OF THE 2ND |
---|
Memphis Blues batting - Pitching for BlackIron Dragons : RHP Eddie Huber | Batting: LHB Brenton Carter | 0-0: Ball 1-0: Ball 2-0: Foul Ball, location: 2F 2-1: Ground out 4-3 (Groundball, 4) | Batting: RHB Aaron Grizzle | 0-0: Ball 1-0: Called Strike 1-1: Ground out 5-3 (Groundball, 56) | Batting: RHB Jonny Lord | 0-0: Ball 1-0: Called Strike 1-1: Called Strike 1-2: Ball 2-2: Ball 3-2: DOUBLE (Groundball, 5L) | Batting: RHB Leopoldo Horgan | 0-0: Called Strike 0-1: Ball 1-1: Ball 2-1: Swinging Strike 2-2: Ground out 5-3 (Groundball, 56) | Top of the 2nd over - 0 runs, 1 hit, 0 errors, 1 left on base; Memphis 0 - BlackIron 1 | BOTTOM OF THE 2ND |
---|
BlackIron Dragons batting - Pitching for Memphis Blues : LHP António Dávila | Batting: LHB Milo Glenn | 0-0: Ball 1-0: Called Strike 1-1: Swinging Strike 1-2: Ball 2-2: Ball 3-2: Foul Ball, location: 2F 3-2: Base on Balls | Batting: RHB John Jones | 0-0: Called Strike 0-1: SINGLE (Flyball, 7S) Milo Glenn to second | Batting: RHB Bernardo Corona | 0-0: Called Strike 0-1: Fly out, F2 (Popup, 2LF) | Batting: RHB Luis López | 0-0: Swinging Strike 0-1: Ball 1-1: Foul Ball, location: 2F 1-2: Ball Wild Pitch! Milo Glenn to third John Jones to second 2-2: Foul Ball, location: 2F 2-2: Foul Ball, location: 2F 2-2: Ball 3-2: Base on Balls | Batting: SHB David Boyle | 0-0: Ball 1-0: Ball 2-0: Ball 3-0: Base on Balls Milo Glenn scores John Jones to third Luis López to second | Batting: RHB Joaquín Valenzuela | 0-0: Ball 1-0: Ball 2-0: Called Strike 2-1: Foul Ball, location: 2F 2-2: Grounds into double play, 1-2-3 (Groundball, P) | Bottom of the 2nd over - 1 run, 1 hit, 0 errors, 2 left on base; Memphis 0 - BlackIron 2 | TOP OF THE 3RD |
---|
Memphis Blues batting - Pitching for BlackIron Dragons : RHP Eddie Huber | Batting: RHB Ángel Hernández | 0-0: Called Strike 0-1: Ball 1-1: Foul Ball, location: 2F 1-2: Strikes out swinging | Batting: RHB Brandon Townsley | 0-0: Ball 1-0: Ball 2-0: Ball 3-0: Called Strike 3-1: Called Strike 3-2: SOLO HOME RUN (Flyball, 78XD), Distance : 418 ft | Batting: RHB Jesús Sánchez | 0-0: Swinging Strike 0-1: Foul Ball, location: 2F 0-2: Foul Ball, location: 2F 0-2: Ball 1-2: Strikes out swinging | Batting: LHB John Foster | 0-0: Called Strike 0-1: Called Strike 0-2: Ball 1-2: Foul Ball, location: 2F 1-2: Ball 2-2: Reached on error, E6 (Groundball, 56) | Batting: LHB Weston Chaney | 0-0: Ball 1-0: Called Strike 1-1: Ball 2-1: Foul Ball, location: 2F 2-2: Ball 3-2: Foul Ball, location: 2F 3-2: Base on Balls | Batting: LHB Brenton Carter | 0-0: Ball 1-0: Foul Ball, location: 2F 1-1: Ball 2-1: Fielders Choice at 2nd, 6-4 (Groundball, 6) | Top of the 3rd over - 1 run, 1 hit, 1 error, 2 left on base; Memphis 1 - BlackIron 2 | BOTTOM OF THE 3RD |
---|
BlackIron Dragons batting - Pitching for Memphis Blues : LHP António Dávila | Batting: RHB Brady McIntyre | 0-0: Swinging Strike 0-1: DOUBLE (Flyball, 8RXD) | Batting: LHB Al Bartlett | 0-0: Ball 1-0: Ball 2-0: Ball 3-0: Base on Balls | Batting: RHB Roderick Silva | 0-0: Called Strike 0-1: Ball 1-1: Foul Ball, location: 2F 1-2: Ball 2-2: Foul Ball, location: 2F 2-2: Foul Ball, location: 2F 2-2: SINGLE (Groundball, 4MD) Brady McIntyre to third Al Bartlett to second | Batting: LHB Milo Glenn | 0-0: Fly out, F9 (Flyball, 9) Runner from 3rd tags up, OUT at HOME Al Bartlett to third Roderick Silva to second | Batting: RHB John Jones | 0-0: Swinging Strike 0-1: Foul Ball, location: 2F 0-2: Strikes out looking | Bottom of the 3rd over - 0 runs, 2 hits, 0 errors, 2 left on base; Memphis 1 - BlackIron 2 | TOP OF THE 4TH |
---|
Memphis Blues batting - Pitching for BlackIron Dragons : RHP Eddie Huber | Batting: RHB Aaron Grizzle | 0-0: Ball 1-0: Called Strike 1-1: Foul Ball, location: 2F 1-2: Foul Ball, location: 2F 1-2: Fly out, F9 (Flyball, 9S) | Batting: RHB Jonny Lord | 0-0: Ball 1-0: Ball 2-0: Swinging Strike 2-1: Ground out U3 (Groundball, 34S) | Batting: RHB Leopoldo Horgan | 0-0: Ground out 6-3 (Groundball, 56) | Top of the 4th over - 0 runs, 0 hits, 0 errors, 0 left on base; Memphis 1 - BlackIron 2 | BOTTOM OF THE 4TH |
---|
BlackIron Dragons batting - Pitching for Memphis Blues : LHP António Dávila | Batting: RHB Bernardo Corona | 0-0: Called Strike 0-1: Called Strike 0-2: SINGLE (Groundball, 6MD) | Batting: RHB Luis López | 0-0: Ball 1-0: Called Strike 1-1: Ball 2-1: Foul Ball, location: 2F 2-2: Ground out 6-3 (Groundball, 6) Bernardo Corona to second | Batting: SHB David Boyle | 0-0: Called Strike 0-1: Ball 1-1: Called Strike 1-2: Foul Ball, location: 2F 1-2: Foul Ball, location: 2F 1-2: Ball 2-2: Fly out, F9 (Flyball, 9LMF) | Batting: RHB Joaquín Valenzuela | 0-0: Ball 1-0: Foul Ball, location: 2F 1-1: Foul Ball, location: 2F 1-2: Ball 2-2: Ball 3-2: Base on Balls | Batting: RHB Brady McIntyre | 0-0: Ball 1-0: SINGLE (Line Drive, 6D) Bernardo Corona to third Joaquín Valenzuela to second Runner from 3rd tries for Home, SAFE, no throw | Batting: LHB Al Bartlett | 0-0: Ball 1-0: Ball 2-0: Foul Ball, location: 2F 2-1: Called Strike 2-2: SINGLE (Groundball, 6MD) Joaquín Valenzuela to third Brady McIntyre to second Runner from 3rd tries for Home, SAFE, throw made home | Batting: RHB Roderick Silva | 0-0: Foul Ball, location: 2F 0-1: 3-RUN HOME RUN (Flyball, 9LD), Distance : 387 ft | Batting: LHB Milo Glenn | 0-0: Ball 1-0: Foul Ball, location: 2F 1-1: Ball 2-1: Foul Ball, location: 2F 2-2: Fly out, F7 (Flyball, 78M) | Bottom of the 4th over - 5 runs, 4 hits, 0 errors, 0 left on base; Memphis 1 - BlackIron 7 | TOP OF THE 5TH |
---|
Memphis Blues batting - Pitching for BlackIron Dragons : RHP Eddie Huber | Batting: RHB Ángel Hernández | 0-0: Foul Ball, location: 2F 0-1: Ball 1-1: DOUBLE (Flyball, 89D) | Batting: RHB Brandon Townsley | 0-0: Ball 1-0: Called Strike 1-1: Foul Ball, location: 2F 1-2: Fly out, F2 (Popup, 25F) | Batting: RHB Jesús Sánchez | 0-0: Swinging Strike 0-1: Ball 1-1: Fly out, F7 (Line Drive, 7) | Batting: LHB John Foster | 0-0: Ground out U3 (Groundball, 34) | Top of the 5th over - 0 runs, 1 hit, 0 errors, 1 left on base; Memphis 1 - BlackIron 7 | BOTTOM OF THE 5TH |
---|
BlackIron Dragons batting - Pitching for Memphis Blues : LHP António Dávila | Pitching: LHP Peter Turner | | Batting: RHB John Jones | 0-0: Ball 1-0: Called Strike 1-1: Ground out 5-3 (Groundball, 56S) | Batting: RHB Bernardo Corona | 0-0: Ball 1-0: Ball 2-0: Swinging Strike 2-1: Swinging Strike 2-2: Ball 3-2: Foul Ball, location: 2F 3-2: Base on Balls | Batting: RHB Luis López | 0-0: Swinging Strike 0-1: Ball 1-1: Fly out, F8 (Line Drive, 8LD) | Batting: SHB David Boyle | 0-0: Called Strike 0-1: Foul Ball, location: 2F 0-2: Foul Ball, location: 2F 0-2: Ball 1-2: Ground out 6-3 (Groundball, 6MS) | Bottom of the 5th over - 0 runs, 0 hits, 0 errors, 1 left on base; Memphis 1 - BlackIron 7 | TOP OF THE 6TH |
---|
Memphis Blues batting - Pitching for BlackIron Dragons : RHP Eddie Huber | Batting: LHB Weston Chaney | 0-0: Foul Ball, location: 2F 0-1: SINGLE (Line Drive, 9S) | Batting: LHB Brenton Carter | 0-0: Ball 1-0: Foul Ball, location: 2F 1-1: Foul Ball, location: 2F 1-2: SINGLE (Line Drive, 34) Weston Chaney to second Runner from 2nd tries for 3rd, SAFE, no throw | Batting: RHB Aaron Grizzle | Pickoff Throw to First - Out! 0-0: Called Strike 0-1: Foul Ball, location: 2F 0-2: Fly out, F8 (Flyball, 8LD) Runner from 3rd tags up, SCORES, throw made | Batting: RHB Jonny Lord | 0-0: Called Strike 0-1: Ball 1-1: Called Strike 1-2: Foul Ball, location: 2F 1-2: Strikes out swinging | Top of the 6th over - 1 run, 2 hits, 0 errors, 0 left on base; Memphis 2 - BlackIron 7 | BOTTOM OF THE 6TH |
---|
BlackIron Dragons batting - Pitching for Memphis Blues : LHP Peter Turner | Batting: RHB Joaquín Valenzuela | 0-0: Ball 1-0: SINGLE (Line Drive, 8RS) | Batting: RHB Brady McIntyre | 0-0: SINGLE (Line Drive, 9S) Joaquín Valenzuela to second | Batting: LHB Al Bartlett | 0-0: Ball 1-0: Called Strike 1-1: Swinging Strike 1-2: SINGLE (Groundball, 34D) Joaquín Valenzuela to third Brady McIntyre to second Runner from 3rd tries for Home, SAFE, no throw | Batting: RHB Roderick Silva | 0-0: Ball 1-0: Ball 2-0: 3-RUN HOME RUN (Flyball, 9LD), Distance : 381 ft | Batting: LHB Milo Glenn | 0-0: Called Strike 0-1: Foul Ball, location: 2F 0-2: Strikes out swinging | Batting: RHB John Jones | 0-0: Called Strike 0-1: Ball 1-1: Swinging Strike 1-2: Strikes out swinging | Batting: RHB Bernardo Corona | 0-0: Called Strike 0-1: Foul Ball, location: 2F 0-2: Strikes out looking | Bottom of the 6th over - 4 runs, 4 hits, 0 errors, 0 left on base; Memphis 2 - BlackIron 11 | TOP OF THE 7TH |
---|
Memphis Blues batting - Pitching for BlackIron Dragons : RHP Eddie Huber | Batting: RHB Leopoldo Horgan | 0-0: Called Strike 0-1: DOUBLE (Flyball, 89D) | Batting: RHB Ángel Hernández | 0-0: Ball 1-0: Called Strike 1-1: DOUBLE (Groundball, 5L) Leopoldo Horgan scores | Batting: RHB Brandon Townsley | 0-0: Swinging Strike 0-1: Ball 1-1: Foul Ball, location: 2F 1-2: Hit by Pitch | Batting: RHB Jesús Sánchez | 0-0: Ball 1-0: Grounds into double play, 6-4-3 (Groundball, 6) Ángel Hernández to third | Pitching: LHP Desi Wells | | Batting: LHB John Foster | 0-0: Ball 1-0: Called Strike 1-1: Ball 2-1: Ground out 6-3 (Groundball, 6) | Top of the 7th over - 1 run, 2 hits, 0 errors, 1 left on base; Memphis 3 - BlackIron 11 | BOTTOM OF THE 7TH |
---|
BlackIron Dragons batting - Pitching for Memphis Blues : LHP Peter Turner | Pitching: LHP Fernando Palácios | | Batting: RHB Luis López | 0-0: Ball 1-0: Foul Ball, location: 2F 1-1: Called Strike 1-2: Strikes out swinging | Pitching: RHP Scott Willerton | | Batting: SHB David Boyle | 0-0: Ball 1-0: Ball 2-0: Foul Ball, location: 2F 2-1: Foul Ball, location: 2F 2-2: Ball 3-2: Base on Balls | Pitching: RHP Luis Pistoni | | Batting: RHB Joaquín Valenzuela | 0-0: Ball 1-0: Called Strike 1-1: Ball David Boyle steals 2nd base 2-1: Fly out, F3 (Popup, 3L) | Batting: RHB Brady McIntyre | 0-0: Called Strike 0-1: Foul Ball, location: 2F 0-2: Ball 1-2: Foul Ball, location: 2F 1-2: Ball 2-2: Ball 3-2: Base on Balls | Batting: LHB Al Bartlett | 0-0: Ball 1-0: Ball 2-0: Called Strike 2-1: Ground out 5-3 (Groundball, 5S) | Bottom of the 7th over - 0 runs, 0 hits, 0 errors, 2 left on base; Memphis 3 - BlackIron 11 | TOP OF THE 8TH |
---|
Memphis Blues batting - Pitching for BlackIron Dragons : LHP Desi Wells | Batting: LHB Weston Chaney | 0-0: Ball 1-0: Fly out, F2 (Popup, 25F) | Batting: LHB Brenton Carter | 0-0: SINGLE (Flyball, 78S) | Batting: RHB Aaron Grizzle | 0-0: Called Strike 0-1: Foul Ball, location: 2F 0-2: Fly out, F8 (Flyball, 89D) | Batting: RHB Jonny Lord | 0-0: Fly out, F8 (Flyball, 8RXD) | Top of the 8th over - 0 runs, 1 hit, 0 errors, 1 left on base; Memphis 3 - BlackIron 11 | BOTTOM OF THE 8TH |
---|
BlackIron Dragons batting - Pitching for Memphis Blues : RHP Luis Pistoni | Batting: RHB Roderick Silva | 0-0: Ball 1-0: Called Strike 1-1: Ball 2-1: Ball 3-1: Base on Balls | Batting: LHB Milo Glenn | 0-0: Ball 1-0: Ball Pickoff Throw by Catcher to First - Error! E2 Roderick Silva to second 2-0: Ball 3-0: Base on Balls | Batting: RHB John Jones | 0-0: Ball 1-0: SINGLE (Flyball, 8LS) Roderick Silva to third Milo Glenn to second | Batting: RHB Bernardo Corona | 0-0: Called Strike 0-1: Ball 1-1: Ball 2-1: Fly out, F3 (Line Drive, 3S) | Batting: RHB Luis López | 0-0: Ball 1-0: Grounds into double play, 5-4-3 (Groundball, 5) | Bottom of the 8th over - 0 runs, 1 hit, 1 error, 2 left on base; Memphis 3 - BlackIron 11 | TOP OF THE 9TH |
---|
Memphis Blues batting - Pitching for BlackIron Dragons : LHP Desi Wells | Batting: RHB Leopoldo Horgan | 0-0: Ball 1-0: SINGLE (Groundball, 6MD) | Batting: RHB Ángel Hernández | 0-0: Ball 1-0: Ball 2-0: Ball 3-0: Called Strike 3-1: Grounds into double play, 6-4-3 (Groundball, 6) | Batting: RHB Brandon Townsley | 0-0: Ball 1-0: Fly out, F9 (Flyball, 9S) | Top of the 9th over - 0 runs, 1 hit, 0 errors, 0 left on base; Memphis 3 - BlackIron 11 | |